 Dungeon Crawl Stone Soup version 0.20-a0 (webtiles) character file.

777 JeffiDaFish the Chopper (level 7, -1/61 HPs)
             Began as a Hill Orc Fighter on Oct 27, 2016.
             Was an Initiate of Beogh.
             Killed by nerve-wracking pain
             ... invoked by Menkaure
              (13 damage)
             ... on level 5 of the Dungeon.
             The game lasted 00:15:52 (4487 turns).

JeffiDaFish the Chopper (Hill Orc Fighter)          Turns: 4487, Time: 00:15:52

Health: -1/61      AC: 12    Str: 20 (21) XL:     7   Next: 84%
Magic:  16/16      EV:  4    Int:  8      God:    Beogh [......]
Gold:   153        SH: 10    Dex:  9 (10) Spells: 0 memorised, 6 levels left

rFire  . . .     SeeInvis +     a - +0 war axe
rCold  . . .     Gourm    .     h - +0 plate armour
rNeg   . . .     Faith    .     c - +0 shield
rPois  .         Spirit   .     (no helmet)
rElec  .         Reflect  .     (no cloak)
rCorr  .         Harm     .     (no gloves)
MR     .....                    (no boots)
Stlth  ..........               (no amulet)
                                t - ring of magical power
                                b - ring of see invisible

@: no status effects
A: no striking features
a: Renounce Religion


You were on level 5 of the Dungeon.
You worshipped Beogh.
Beogh was noncommittal.
You were not hungry.

You visited 1 branch of the dungeon, and saw 5 of its levels.

You collected 153 gold pieces.

Inventory:

Hand Weapons
 a - a +0 war axe (weapon)
 d - a +0 mace
Armour
 c - a +0 shield (worn)
 h - a +0 plate armour (worn)
Jewellery
 b - a ring of see invisible (left hand)
 q - an uncursed ring of wizardry
 t - a ring of magical power (right hand)
 u - an uncursed ring of protection from cold
Wands
 r - a wand of digging (15/24)
Scrolls
 e - a scroll of identify
 g - a scroll of remove curse
 o - a scroll of recharging
 s - a scroll of blinking
Potions
 k - 2 potions of curing
 p - 2 potions of agility
 v - a potion of heal wounds {unknown}
Comestibles
 f - 4 bread rations
 i - a beef jerky
 j - 2 meat rations
 l - a slice of pizza
 m - 5 fruits
 n - a royal jelly


   Skills:
 + Level 5.2 Fighting
 + Level 7.5 Axes
 + Level 5.2 Armour
 + Level 0.2 Dodging
 + Level 5.5 Shields


You had 6 spell levels left.
You didn't know any spells.

Dungeon Overview and Level Annotations

Branches:
Dungeon (5/15)
 Temple: D:4-7

Altars:
Ashenzari
Trog
Xom

Shops:
D:4 ?[

Annotations:
D:5 Menkaure


Message History

You barely miss Menkaure.
Menkaure calls on the powers of darkness!
Your body is wracked with pain!
The adder convulses!
You hit Menkaure.
Menkaure is moderately damaged.
Menkaure hits you. You block Menkaure's attack.
You slash Menkaure!
Menkaure is almost destroyed.
Menkaure gestures at you while chanting.
Pain shoots through your body!
You closely miss Menkaure.
Menkaure is almost destroyed.
You hit the adder. The adder bites you but does no damage.
Menkaure calls on the powers of darkness!
Your body is wracked with pain!
* * * LOW HITPOINT WARNING * * *
The adder convulses!
Menkaure casts a spell at you. Pain shoots through your body!
You die...

.....%. #.# 8..$....
#.# ....%[>. ##.##
#.....######...##
#...............#
#..###.....###..#
####..#####_#####..#
%.....###.....###.##
......M@S..........$
..........!.#.#.#.###
####...######...#.#
#... ##....# .....
.... #.#... ....
#...... ......#


You could see Menkaure and an adder.

Vanquished Creatures
  Sigmund (D:2)
  2 eyes of draining (D:4)
  A howler monkey (D:4)
  A hound (D:4)
  Crazy Yiuf (D:2)
  Terence (D:2)
  4 orc wizards (D:4)
  2 worker ants (D:4)
  A gnoll (D:4)
  6 adders
  2 oozes
  3 worms (D:2)
  2 leopard geckos
  10 orcs
  4 giant cockroaches
  7 goblins
  7 hobgoblins
  6 jackals
  7 kobolds
  2 quokkas
  2 ball pythons (D:2)
  10 bats
  4 frilled lizards
  13 rats
99 creatures vanquished.

Vanquished Creatures (others)
  An adder (D:4)
1 creature vanquished.

Grand Total: 100 creatures vanquished

Notes
Turn   | Place    | Note
-------+----------+-------------------------------------------
     0 | D:1      | JeffiDaFish the Hill Orc Fighter began the quest for the Orb.
     0 | D:1      | Reached XP level 1. HP: 19/19 MP: 1/1
   266 | D:1      | Reached skill level 3 in Axes
   350 | D:1      | Reached XP level 2. HP: 27/27 MP: 2/2
   805 | D:1      | Reached XP level 3. HP: 33/33 MP: 3/3
  1469 | D:2      | Noticed Terence
  1497 | D:2      | Killed Terence
  1497 | D:2      | Reached XP level 4. HP: 10/40 MP: 4/4
  1732 | D:2      | Noticed Sigmund
  1738 | D:2      | Killed Sigmund
  1738 | D:2      | Reached skill level 5 in Axes
  1738 | D:2      | Reached XP level 5. HP: 42/47 MP: 5/5
  1745 | D:2      | Reached XP level 6. HP: 47/53 MP: 6/6
  2363 | D:2      | Found a runed door.
  2367 | D:2      | Noticed Crazy Yiuf
  2382 | D:2      | Killed Crazy Yiuf
  3078 | D:3      | Reached skill level 5 in Shields
  3211 | D:3      | Reached skill level 6 in Axes
  3503 | D:4      | Reached XP level 7. HP: 17/60 MP: 7/7
  3753 | D:4      | Found a shimmering altar of Xom.
  3755 | D:4      | Found a shimmering altar of Xom.
  3848 | D:4      | Reached skill level 7 in Axes
  3848 | D:4      | Reached skill level 5 in Armour
  3849 | D:4      | Found a bloodstained altar of Trog.
  3863 | D:4      | Reached skill level 5 in Fighting
  4070 | D:4      | Found Pioqirph's Armour Shop.
  4102 | D:4      | Found Yladilam's Magic Scroll Shoppe.
  4128 | D:4      | Became a worshipper of Beogh the Brigand
  4470 | D:5      | Entered Level 5 of the Dungeon
  4474 | D:5      | Found a shattered altar of Ashenzari.
  4480 | D:5      | Noticed Menkaure
  4487 | D:5      | Killed from afar by Menkaure

Vault maps used:
D:1:      saegor_arrival_under_anarchy
D:2:      uniq_crazy_yiuf_cottage, uniq_sigmund, uniq_terence
D:3:      wad_river_or_something
D:4:      trog_eyes_of_draining, xom_redecorated, serial_shops,
          nicolae_shop_window_shopping, shop
D:5:      black_bear_nest_1, serial_shops, shop, shop, shop,
          nicolae_shop_temple_entry_statues_fountains, first_bread, basic_altar,
          cheibrodos_ashenzari_chains, uniq_menkaure, uniq_blork_the_orc

Skill      XL: |  1  2  3  4  5  6  7 |
---------------+----------------------+-----
Axes           | 3 5 6 7 |  7.5
Fighting       | 4 5 |  5.2
Shields        | 4 5 |  5.5
Armour         | 4 5 |  5.2
Dodging        | |  0.2

Action                   |  1- 3 |  4- 6 |  7- 9 || total
-------------------------+-------+-------+-------++-------
Melee: War axe           |   155 |   185 |    92 ||   432
Invok: Convert to Beogh  |       |       |     1 ||     1
  Use: Scroll            |     5 |     3 |     1 ||     9
       Potion            |     1 |     6 |       ||     7
  Eat: Chunk             |     2 |     3 |     3 ||     8
       Meat ration       |       |     1 |       ||     1
Armor: Plate armour      |   112 |   118 |    39 ||   269
Dodge: Dodged            |    23 |    28 |    17 ||    68
Block: Shield            |    90 |    96 |    36 ||   222
